 Dungeon Crawl Stone Soup version 0.29.0-7-g18a832c13a (webtiles) character file.

Game seed: 8751981931873155402

322 darknessisbestgirl the Slasher (level 6, -2/56 HPs)
             Began as a Minotaur Fighter on Aug 31, 2022.
             Was a Priest of Lugonu.
             Succumbed to a killer bee's poison
             ... on level 3 of the Dungeon.
             The game lasted 00:29:09 (3482 turns).

darknessisbestgirl the Slasher (Minotaur Fighter)   Turns: 3482, Time: 00:29:10

Health: -2/56      AC: 12    Str: 22    XL:     6   Next: 22%
Magic:  5/5        EV:  4    Int:  5    God:    Lugonu [***...]
Gold:   231        SH: 12    Dex: 10    Spells: 5/5 levels left

rFire   + . .      SeeInvis .   a - +0 long sword
rCold   . . .      Faith    .   l - +0 tower shield
rNeg    . . .      Spirit   .   w - +0 chain mail
rPois   .          Reflect  .   (helmet restricted)
rElec   .          Harm     .   (no cloak)
rCorr   .          Rampage  .   (no gloves)
Will    .....                   e - +2 pair of boots
Stlth   ..........              (no amulet)
HPRegen 0.18/turn               k - ring of flight
MPRegen 0.09/turn               y - ring of protection from fire

@: lethally poisoned (-2 -> -12), weak-willed, flying
A: horns 2, retaliatory headbutt
a: Renounce Religion, Depart the Abyss, Bend Space, Banish


You were on level 3 of the Dungeon.
You worshipped Lugonu.
Lugonu was most pleased with you.
You visited 1 branch of the dungeon, and saw 4 of its levels.

You collected 231 gold pieces.

Inventory:

Hand Weapons
 a - a +0 long sword (weapon)
Armour
 e - a +2 pair of boots (worn)
 l - a +0 tower shield (worn)
 w - a +0 chain mail (worn)
Jewellery
 k - a ring of flight (left hand)
 q - a ring of flight
 y - a ring of protection from fire (right hand)
Wands
 b - a wand of flame (16)
Scrolls
 f - 3 scrolls of teleportation
 i - a scroll of magic mapping {unknown}
 j - 2 scrolls of noise
 m - a scroll of poison {unknown}
 n - a scroll of fog {unknown}
 r - a scroll of identify {unknown}
 u - a scroll of amnesia {unknown}
 v - a scroll of summoning {unknown}
 x - a scroll of fear
Potions
 c - a potion of attraction {unknown}
 d - a potion of might
 g - 2 potions of magic {unknown}
 o - a potion of invisibility {unknown}
 p - a potion of cancellation {unknown}
 s - a potion of resistance {unknown}
 z - a potion of degeneration {unknown}


   Skills:
 - Level 5.0 Fighting
 + Level 6.8 Long Blades
 - Level 4.0 Armour
 - Level 3.9 Shields


You had 5 spell levels left.
You didn't know any spells.
Your spell library contained the following spells:

 Spells                   Type           Power      Damage    Failure   Level
 Slow                     Hex            0%         N/A       100%        1
 Confusing Touch          Hex            0%         N/A       100%        3
 Vampiric Draining        Necr           0%         2d6       100%        3


Dungeon Overview and Level Annotations

Branches:
Dungeon (4/15)
 Temple: D:4-7

Altars:
Cheibriados
Gozag
Uskayaw
Lugonu

Annotations:
D:4 Dowan, Duvessa


Innate Abilities, Weirdness & Mutations

You have a pair of horns on your head.
You reflexively headbutt those who attack you in melee.


Message History

The killer bee is heavily wounded.
You feel sick. The killer bee stings you.
* * * LOW HITPOINT WARNING * * *
You block the killer bee's attack.
The killer bee stings you but does no damage.
You hit the killer bee.
The killer bee is almost dead.
You feel sick. You block the killer bee's attack.
The killer bee stings you but does no damage. x2
You barely miss the killer bee.
The killer bee is almost dead.
You feel sick.
You are no longer poisoned.
The killer bee stings you.
* * * LOW HITPOINT WARNING * * *
The killer bee stings you.
* * * LOW HITPOINT WARNING * * *
The killer bee stings you but does no damage.
You hit the killer bee.
You kill the killer bee!
Lugonu accepts your kill. You block the killer bee's attack. x2
You slash the killer bee! Your headbutt misses the killer bee.
The killer bee is heavily wounded.
You block the killer bee's attack.
The killer bee stings you but does no damage.
You barely miss the killer bee.
The killer bee is heavily wounded.
You block the killer bee's attack. x2
The killer bee stings you but does no damage.
You closely miss the killer bee. Your headbutt misses the killer bee.
The killer bee is heavily wounded.
The killer bee barely misses you. You block the killer bee's attack.
The killer bee stings you.
* * * LOW HITPOINT WARNING * * *
You are lethally poisoned!
The killer bee poisons you!
You barely miss the killer bee.
The killer bee is moderately wounded.
You die...

#... #.## ###### #.# #....# #.#
###....##########.# #########
#..(..............# #.......#
#.#>..############# #.#####.#
#.#y#..## #....# #.# #.#
#.#@#...### #....# #.#
#.####.#.###...# #....# #.#
#......#.# #...###....#
#.############.####...##....###
#.#..................(.'....'..
#.#.##########.#......##....###
#.#.# #.####.#.......#....#
#.#.# #......#............###
#.#.#####.######.....#.........


You could see a killer bee (weak-willed).

Vanquished Creatures
  3 killer bees (D:3)
  A hound (D:4)
  An orc priest (D:3)
  5 adders
  2 worms
  A dart slug (D:2)
  4 orcs
  5 ball pythons
  4 endoplasms
  4 giant cockroaches
  3 goblins
  5 hobgoblins
  5 jackals (D:1)
  6 kobolds
  5 quokkas
  12 bats
  3 frilled lizards (D:2)
  3 rats
72 creatures vanquished.

Notes
Turn   | Place    | Note
-------+----------+-------------------------------------------
     0 | D:1      | darknessisbestgirl the Minotaur Fighter began the quest for
                  | the Orb.
     0 | D:1      | Reached XP level 1. HP: 19/19 MP: 0/0
   257 | D:1      | Reached XP level 2. HP: 27/27 MP: 1/1
   395 | D:1      | Found a faded altar of an unknown god.
   441 | D:1      | Prayed at the altar of an unknown god.
   441 | D:1      | Became a worshipper of Lugonu the Unformed
   441 | D:1      | Reached * piety under Lugonu
   441 | D:1      | Reached ** piety under Lugonu
   733 | D:1      | Reached skill level 3 in Long Blades
   746 | D:1      | Reached XP level 3. HP: 30/33 MP: 2/2
   950 | D:2      | Found an opulent altar of Gozag.
  1387 | D:2      | Reached XP level 4. HP: 41/41 MP: 3/3
  1695 | D:2      | Reached *** piety under Lugonu
  1784 | D:2      | Reached skill level 5 in Fighting
  1784 | D:2      | Reached skill level 4 in Long Blades
  2046 | D:3      | Found a hide-covered altar of Uskayaw.
  2051 | D:3      | Noticed a +0 dagger
  2052 | D:3      | Noticed a +0 hand axe
  2201 | D:3      | Found a snail-covered altar of Cheibriados.
  2248 | D:3      | Reached XP level 5. HP: 10/48 MP: 4/4
  2409 | D:3      | Reached skill level 5 in Long Blades
  2976 | D:4      | Noticed Duvessa
  2976 | D:4      | Noticed Dowan
  3343 | D:3      | Reached skill level 6 in Long Blades
  3346 | D:3      | Reached XP level 6. HP: 38/56 MP: 5/5
  3477 | D:3      | HP: 2/56 [killer bee (2)]
  3482 | D:3      | Succumbed to a killer bee's poison

Illustrated notes

Levels and vault maps discovered:
D:1:      scummos_arrival_simple_crosswalls, layout_loops_ring,
          ebering_ecumenical_altar_ruins
D:2:      layout_loops_ring, basic_altar
D:3:      layout_basic, dancing_weapons_uskayaw, slow_altar_1
D:4:      layout_rooms, trog_book, nicolae_elyvilon_temple_path, uniq_natasha,
          uniq_duvessa

Skill      XL: |  1  2  3  4  5 |
---------------+----------------+-----
Fighting       | 4 5 |  5.0
Armour         | 4 |  4.0
Long Blades    | 3 4 6 |  6.8
Shields        | |  3.9

Action                   |  1- 3 |  4- 6 || total
-------------------------+-------+-------++-------
Melee: Long sword        |    95 |   137 ||   232
       Headbutt          |    15 |    11 ||    26
  Use: Potion            |       |     4 ||     4
       Scroll            |       |     4 ||     4
Armor: Scale mail        |    65 |    37 ||   102
       Chain mail        |       |    98 ||    98
Dodge: Dodged            |    52 |    36 ||    88
Block: Buckler           |    15 |       ||    15
       Tower shield      |    37 |   187 ||   224
